 Dungeon Crawl Stone Soup version 0.25-a0-1073-gf4359a17dd (webtiles) character file.

Game seed: 12466293921061552809, levelgen mode: deterministic

13072 Flugslaktarn the Cleaver (level 11, 0/92 HPs)
             Began as a Deep Dwarf Fighter on May 14, 2020.
             Was an Elder of Makhleb.
             Slain by a 14-headed hydra (5 damage)
             ... on level 11 of the Dungeon.
             The game lasted 00:05:35 (7052 turns).

Flugslaktarn the Cleaver (Deep Dwarf Fighter)       Turns: 7052, Time: 00:05:36

Health: 0/92       AC: 18    Str: 21    XL:     11   Next: 70%
Magic:  4/4        EV:  3    Int: 12    God:    Makhleb [****..]
Gold:   364        SH: 17    Dex: 14    Spells: 10/10 levels left

rFire    . . .     SeeInvis .   n - +5 broad axe
rCold    . . .     Gourm    .   f - +0 tower shield
rNeg     . . .     Faith    +   E - +0 plate armour
rPois    .         Spirit   .   z - +0 helmet
rElec    +         Reflect  .   (no cloak)
rCorr    .         Harm     .   (no gloves)
MR       ++++.                  o - +1 pair of boots
Stlth    ..........             j - amulet of faith
HPRegen  0.00/turn              m - ring of protection from magic
MPRegen  0.09/turn              g - ring of the Mage {Wiz MR++ Int+3}

@: about to teleport, non-regenerating, drained
A: damage resistance, heal wounds, frail 1, low mp 1, sense surroundings 2,
shaggy fur 1, electricity resistance, no regeneration
a: Heal Wounds, Minor Destruction, Lesser Servant of Makhleb, Major Destruction,
Renounce Religion


You were on level 11 of the Dungeon.
You worshipped Makhleb.
Makhleb was greatly pleased with you.
You were not hungry.

You visited 2 branches of the dungeon, and saw 12 of its levels.
You also visited: Ossuary.

You collected 436 gold pieces.
You spent 72 gold pieces at shops.

Inventory:

Hand Weapons
 n - a +5 broad axe (weapon)
   (You bought it in a shop on level 9 of the Dungeon)
Missiles
 i - 4 throwing nets (quivered)
Armour
 c - a +0 kite shield
 f - a +0 tower shield (worn)
   (You found it on level 6 of the Dungeon)
 o - a +1 pair of boots (worn)
   (You found it on level 5 of the Dungeon)
 z - a +0 helmet (worn)
   (You found it on level 6 of the Dungeon)
 E - a +0 plate armour (worn)
   (You took it off an orc warrior on level 8 of the Dungeon)
Jewellery
 g - the ring of the Mage (right hand) {Wiz MR++ Int+3}
   (You found it on level 10 of the Dungeon)

   [ring of wizardry]

   It improves your spell success rate.
   It affects your intelligence (+3).
   It affects your resistance to hostile enchantments.
 j - an amulet of faith (around neck)
   (You found it on level 11 of the Dungeon)
 m - a ring of protection from magic (left hand)
   (You found it on level 4 of the Dungeon)
Scrolls
 r - 4 scrolls of identify
 t - 3 scrolls of teleportation
 x - 9 scrolls of remove curse
 y - a scroll of magic mapping
Potions
 a - a potion of invisibility {unknown}
 b - a potion of ambrosia
 d - a potion of might
 h - a potion of haste
 q - 6 potions of curing
 v - a potion of lignification
 w - 2 potions of cancellation
 A - a potion of flight
 C - 2 potions of degeneration {unknown}
Comestibles
 e - 11 rations
 k - 7 chunks of flesh


   Skills:
 + Level 7.9(7.1) Fighting
 * Level 12.3(11.4) Axes
 + Level 9.5(8.7) Armour
 + Level 9.3(8.5) Shields
 + Level 7.9(7.1) Invocations


You had 10 spell levels left.
You didn't know any spells.
Your spell library was empty.

Dungeon Overview and Level Annotations

Branches:
Dungeon (11/15)            Temple (1/1) D:5         Ossuary (visited)
   Lair: D:8-11         Orc: D:9-12

Altars:
Ashenzari
Cheibriados
Dithmenos
Elyvilon
Fedhas
Gozag
Kikubaaqudgha
Makhleb
Nemelex Xobeh
Okawaru
Qazlal
Ru
Sif Muna
Trog
Uskayaw
Vehumet
Wu Jian
Xom
Yredelemnul
Zin
The Shining One

Shops:
D:5 :   D:7 (   D:8 (   D:9 (

Annotations:
D:6 Prince Ribbit
D:10 1 runed translucent door, Gukhulam's ghost, novice OpWn


Innate Abilities, Weirdness & Mutations

You are resistant to damage.
You can heal yourself by infusing magical energy.
You passively map the area around you.
You do not regenerate.
You are frail. (-10% HP)
Your magical capacity is low. (-10% MP)
You are covered in fur. (AC +1)
You are resistant to electric shocks. (rElec)


Message History

The 14-headed hydra bites you but does no damage.
You block the 14-headed hydra's attack.
The 14-headed hydra bites you but does no damage.
The 14-headed hydra bites you!
* * * LOW HITPOINT WARNING * * *
The 14-headed hydra bites you but does no damage.
The 14-headed hydra barely misses you.
You are too injured to fight recklessly!
As you read the scroll of teleportation, it crumbles to dust.
You feel strangely unstable.
The 14-headed hydra bites you but does no damage.
You block the 14-headed hydra's attack. x2; The 14-headed hydra bites you.
* * * LOW HITPOINT WARNING * * *
You block the 14-headed hydra's attack. x2
The 14-headed hydra bites you but does no damage.
The 14-headed hydra bites you!
* * * LOW HITPOINT WARNING * * *
The 14-headed hydra bites you but does no damage.
You block the 14-headed hydra's attack. The 14-headed hydra bites you.
You die...

, , * , ,, , #..,
......., , , , #...
......... , *
#...####........ ,,,
, #................
, ,
#...................
,* ,
#...................
,
#...................
, , *,
#..@............ *,
, , #.D#............
, ,,
#..#............ *
,,
,,,#..#............
, , ####..))....^...
, , ,,#....).......
* , * #............,
, , .
####............ , ,
..#...............,


You could see a 14-headed hydra.

Vanquished Creatures
  A tengu reaver (D:10)
  A two-headed ogre (D:10)
  An unseen horror (D:9)
  Pikel (D:8)
  2 kobold demonologists
  2 trolls
  A tengu conjurer (D:8)
  2 hornets
  2 wraiths
  A wyvern (D:9)
  4 yaks (D:10)
  A steam dragon (D:9)
  2 hungry ghosts
  Menkaure (D:4)
  Edmund (D:4)
  2 water moccasins
  Duvessa (D:6)
  2 slaves (D:8)
  4 black bears
  5 phantoms
  3 orc warriors
  An eye of draining (D:10)
  8 ice beasts
  A necrophage (D:10)
  A sky beast (D:9)
  5 ogres
  5 centaurs
  A big kobold (D:9)
  2 gnoll sergeants (D:10)
  A wyvern zombie (D:9)
  3 bullfrogs
  Dowan (D:6)
  2 scorpions
  A wyvern skeleton (D:10)
  17 wights
  7 killer bees
  4 howler monkeys
  4 centaur zombies (Ossuary)
  2 crimson imps
  2 bullfrog zombies
  4 hounds
  9 orc wizards
  2 centaur skeletons
  3 orc priests
  4 bullfrog skeletons
  A gnoll shaman (D:5)
  5 jellies
  6 iguanas
  10 worker ants
  A killer bee zombie (D:10)
  A big kobold zombie (Ossuary)
  5 mummies (Ossuary)
  A howler monkey zombie (D:9)
  A worker ant zombie (D:11)
  13 adders
  12 gnolls
  3 shadow imps
  An adder zombie (D:5)
  A worm (D:4)
  2 dart slugs (D:1)
  7 leopard geckos
  38 orcs
  A bat (D:1)
  3 giant cockroaches (D:6)
  2 hobgoblins (D:1)
  23 jackals
  6 kobolds
  4 quokkas
  9 frilled lizards
  2 goblins (D:1)
  A hobgoblin zombie (Ossuary)
  A leopard gecko skeleton (D:6)
  A quokka zombie (D:6)
  A rat (D:3)
  A plant (D:4)
293 creatures vanquished.

Notes
Turn   | Place    | Note
-------+----------+-------------------------------------------
     0 | D:1      | Flugslaktarn the Deep Dwarf Fighter began the quest for the
                  | Orb.
     0 | D:1      | Reached XP level 1. HP: 20/20 MP: 1/1
    36 | D:1      | Reached XP level 2. HP: 27/27 MP: 2/2
   186 | D:2      | Reached skill level 3 in Axes
   186 | D:2      | Reached XP level 3. HP: 25/33 MP: 3/3
   223 | D:4      | Noticed a phantom
   246 | D:4      | Reached XP level 4. HP: 18/42 MP: 4/4
   268 | D:4      | Killed a phantom
   268 | D:4      | Reached skill level 4 in Axes
   268 | D:4      | Reached XP level 5. HP: 45/49 MP: 5/5
   440 | D:4      | Noticed an ogre
   447 | D:4      | Killed an ogre
   447 | D:4      | Reached XP level 6. HP: 31/57 MP: 6/6
   478 | D:4      | Reached skill level 5 in Axes
   637 | D:4      | Noticed Edmund
   638 | D:4      | Noticed Menkaure
   653 | D:4      | Killed Menkaure
   653 | D:4      | Reached skill level 5 in Armour
   653 | D:4      | Reached skill level 5 in Shields
   653 | D:4      | Reached XP level 7. HP: 23/64 MP: 6/6
   693 | D:4      | Killed Edmund
   693 | D:4      | Reached skill level 6 in Axes
   752 | D:4      | Found a shimmering altar of Xom.
   780 | D:4      | Found a stormy altar of Qazlal.
   784 | D:4      | Found a radiant altar of Vehumet.
   787 | D:4      | Found a sacrificial altar of Ru.
   891 | D:4      | You fall into a shaft and drop 2 floors!
   914 | D:6      | Reached XP level 8. HP: 27/73 MP: 3/3
  1145 | D:6      | Noticed Duvessa
  1172 | D:6      | Killed Duvessa
  1172 | D:6      | Reached skill level 7 in Axes
  1184 | D:6      | Noticed Dowan
  1192 | D:6      | Killed Dowan
  1198 | D:5      | Entered Level 5 of the Dungeon
  1241 | D:5      | Found a shattered altar of Ashenzari.
  1295 | D:5      | Reached skill level 5 in Fighting
  1330 | D:5      | Found Ishakoq's Book Shop.
  1467 | D:5      | Found a sand-covered staircase.
  1475 | Ossuary  | Entered an ossuary
  1517 | Ossuary  | Reached skill level 8 in Axes
  1701 | D:5      | Found a staircase to the Ecumenical Temple.
  1787 | Temple   | Entered the Ecumenical Temple
  1901 | Temple   | Became a worshipper of Makhleb the Destroyer
  2058 | D:5      | Gained mutation: You passively map the area around you.
                  | [Deep Dwarf growth]
  2058 | D:5      | Reached XP level 9. HP: 28/81 MP: 2/2
  2135 | D:6      | Noticed Prince Ribbit
  2139 | D:6      | Reached skill level 1 in Invocations
  2673 | D:6      | Found an iron altar of Okawaru.
  2903 | D:7      | Reached skill level 9 in Axes
  2950 | D:7      | Found a bloodstained altar of Trog.
  3335 | D:7      | Reached * piety under Makhleb
  3424 | D:7      | Found a blossoming altar of Fedhas.
  3426 | D:7      | Found an ancient bone altar of Kikubaaqudgha.
  3514 | D:7      | Found Beitijin's Antique Weapon Shoppe.
  4454 | D:8      | Noticed a tengu conjurer
  4481 | D:8      | Killed a tengu conjurer
  4481 | D:8      | Reached XP level 10. HP: 25/92 MP: 6/6
  4563 | D:8      | Noticed Pikel
  4586 | D:8      | Reached skill level 10 in Axes
  4591 | D:8      | Killed Pikel
  4656 | D:8      | Found Bemiwnue's Weapon Boutique.
  4660 | D:8      | Gained mutation: Your magical capacity is low. (-10% MP)
                  | [potion of mutation]
  4660 | D:8      | Gained mutation: You are resistant to electric shocks.
                  | (rElec) [potion of mutation]
  4660 | D:8      | Gained mutation: You are frail. (-10% HP) [potion of
                  | mutation]
  4660 | D:8      | Gained mutation: You are covered in fur. (AC +1) [potion of
                  | mutation]
  4843 | D:9      | Reached ** piety under Makhleb
  4882 | D:9      | Reached skill level 5 in Invocations
  4885 | D:9      | Killed an unseen horror
  4888 | D:9      | Noticed a smoke demon
  4908 | D:9      | Noticed a soul eater
  4914 | D:9      | Noticed a sun demon
  4914 | D:9      | Paralysed by a hornet for 1 turns
  5084 | D:9      | Reached skill level 11 in Axes
  5159 | D:9      | Found an ornate altar of the Wu Jian Council.
  5433 | D:9      | Found a white marble altar of Elyvilon.
  5486 | D:9      | Found a basalt altar of Yredelemnul.
  5575 | D:9      | Found Ilurogoh's Antique Weapon Shoppe.
  5579 | D:9      | Bought a broad axe for 72 gold pieces
  5601 | D:10     | Entered Level 10 of the Dungeon
  5608 | D:10     | Reached XP level 11. HP: 60/90 MP: 3/3
  5609 | D:10     | Reached *** piety under Makhleb
  5678 | D:10     | Noticed a two-headed ogre
  5683 | D:10     | Killed a two-headed ogre
  6266 | D:10     | Found the ring of the Mage {Wiz MR++ Int+3}
  6310 | D:10     | Reached **** piety under Makhleb
  6381 | D:10     | Found a runed translucent door.
  6381 | D:10     | Noticed Gukhulam's ghost (novice OpWn)
  6471 | D:10     | Noticed a tengu reaver
  6496 | D:10     | Killed a tengu reaver
  6496 | D:10     | Reached skill level 12 in Axes
  7045 | D:11     | Noticed an eight-headed hydra
  7052 | D:11     | Slain by a 14-headed hydra

Illustrated notes

Levels and vault maps discovered:
D:1:      wander_arrival_peaceful_grave, layout_rooms, minmay_parallelograms
D:2:      layout_basic, nicolae_overflow_crystal_walls
D:3:      layout_basic, first_ration, chequers_serial_rivers_micro_d,
          serial_bayou_pond_e, uniq_grinder
D:4:      layout_basic, grunt_temple_overflow_cloverleaf, minmay_lizard_king,
          uniq_edmund, uniq_menkaure
D:5:      layout_basic, old_standard_altar, minmay_temple_entry_mini_moons,
          nicolae_ossuary_entry_ruins, serial_shops, nicolae_shop_behind_doors,
          corexii_leaking_fountain
D:6:      kb_forest_paths, layout_basic, kennysheep_mini, uniq_duvessa,
          uniq_prince_ribbit1
D:7:      layout_layer_cave, grunt_temple_overflow_growth_and_decay,
          overflow_temple_1_default, serial_shops, shop_fountains
D:8:      layout_basic, serial_shops, shop, grunt_ogre_cave, kb_rosetta,
          uniq_pikel
D:9:      minmay_ornate_pinched, layout_loops_ring, kennysheep_ying_yang,
          nicolae_overflow_hidden_temple, serial_shops, shop,
          minmay_misc_feat_room, minmay_starry_boxes
D:10:     layout_stronghold, ebering_ghost_inner_flame, kennysheep_just_a_vault
D:11:     layout_grid_maze, grunt_lair_entry_orc_guard_hut, serial_shops,
          nicolae_shop_trees
Temple:   kb_temple_of_zot

Skill      XL: |  1  2  3  4  5  6  7  8  9 10 11 |
---------------+----------------------------------+-----
Axes           | 3 4 5 6 8 9 11 12 | 12.3
Fighting       | 3 4 5 6 7 |  7.9
Armour         | 4 5 6 7 8 9 |  9.5
Shields        | 4 5 6 7 8 9 |  9.3
Invocations    | 4 6 7 |  7.9

Action                   |  1- 3 |  4- 6 |  7- 9 | 10-12 || total
-------------------------+-------+-------+-------+-------++-------
Melee: War axe           |    76 |   119 |   603 |   290 ||  1088
       Broad axe         |       |       |       |   235 ||   235
 Abil: Heal Wounds       |     1 |     4 |    20 |    11 ||    36
  Use: Potion            |       |       |     2 |     1 ||     3
       Scroll            |       |       |       |    25 ||    25
 Stab: Distracted        |       |       |     1 |       ||     1
  Eat: Chunk             |       |       |    10 |    13 ||    23
       Ration            |       |       |     1 |       ||     1
Armor: Scale mail        |    56 |    34 |   200 |    19 ||   309
       Plate armour      |       |       |       |   359 ||   359
Dodge: Dodged            |    37 |    30 |   124 |    64 ||   255
Block: Kite shield       |    64 |    50 |    45 |       ||   159
       Tower shield      |       |       |   498 |   524 ||  1022

Table legend:
 A = Non-vault XP
 B = Vault XP
 C = Vault XP percentage of total XP
 D = Non-vault monster count
 E = Vault monster count
 F = Vault count percentage of total count
                 A         B        C        D         E       F
            +---------+---------+-------+---------+---------+-------
      Total |   11983 |    6692 |  35.8 |     236 |      54 |  18.6
            +---------+---------+-------+---------+---------+-------
        D:1 |      32 |       0 |   0.0 |      15 |       0 |   0.0
        D:2 |      13 |       0 |   0.0 |       1 |       0 |   0.0
        D:3 |       2 |       0 |   0.0 |       2 |       0 |   0.0
        D:4 |     669 |     375 |  35.9 |      24 |      13 |  35.1
        D:5 |     718 |       0 |   0.0 |      26 |       0 |   0.0
        D:6 |    1232 |     312 |  20.2 |      29 |       6 |  17.1
        D:7 |     648 |       0 |   0.0 |      22 |       0 |   0.0
        D:8 |    1230 |    1242 |  50.2 |      23 |       6 |  20.7
        D:9 |    1691 |    2410 |  58.8 |      25 |      17 |  40.5
       D:10 |    4086 |    2048 |  33.4 |      46 |       1 |   2.1
       D:11 |    1662 |       0 |   0.0 |      23 |       0 |   0.0
    Ossuary |       0 |     305 | 100.0 |       0 |      11 | 100.0
            +---------+---------+-------+---------+---------+-------
